 Dungeon Crawl Stone Soup version 0.31-a0-542-gdc2a67831c (webtiles) character file.

Game seed: 8451461860165013261

1195 Maratek the Chopper (level 8, -9/55 (61) HPs)
             Began as a Demonspawn Fighter on Aug 14, 2023.
             Was an Initiate of Ashenzari.
             Mangled by Jeremiah
             ... wielding a +3 glaive of draining
              (12 damage)
             ... on level 6 of the Dungeon.
             The game lasted 00:11:45 (4263 turns).

Maratek the Chopper (Demonspawn Fighter)            Turns: 4263, Time: 00:11:46

HP:   -9/55 (61)    AC: 13    Str: 20    XL:     8   Next: 20%
MP:   8/8           EV: 12    Int:  9    God:    Ashenzari [......]
Gold: 297           SH:  9    Dex: 12    Spells: 7/7 levels left

rFire   . . .        a - +0 war axe
rCold   . . .        c - +0 buckler
rNeg    . . .        A - +2 leather armour "Nuce" {+Inv}
rPois   .            (helmet restricted)
rElec   .            (no cloak)
rCorr   .            (no gloves)
SInv    .            r - +0 pair of boots of Ashenzari's Scepticism {Range, Melee} (curse)
Will    .....        (no amulet)
Stlth   +            (no ring)
HPRegen 0.29/turn    (no ring)
MPRegen 0.11/turn

%: no passive effects
@: drained
A: antennae 1, thin metallic scales 2, icemail 1, condensation shield
a: Renounce Religion, Evoke Invisibility, Curse Item, Shatter the Chains


You were on level 6 of the Dungeon.
You worshipped Ashenzari.
Ashenzari was noncommittal.
You visited 1 branch of the dungeon, and saw 6 of its levels.

You collected 297 gold pieces.

Inventory:

Hand Weapons
 a - a +0 war axe (weapon)
Armour
 c - a +0 buckler (worn)
 r - the cursed +0 pair of boots of Ashenzari's Scepticism (worn) {Range, Melee}
   (You found it on level 2 of the Dungeon)

   It has a curse which improves the following skills: Ranged Combat: Ranged
   Weapons and Throwing.
   Melee Combat: Short Blades, Long Blades, Axes, Maces & Flails, Polearms,
   Staves and Unarmed Combat.
 A - the +2 leather armour "Nuce" (worn) {+Inv}
   (You found it on level 6 of the Dungeon)

   +Inv:      It lets you turn invisible.
Wands
 b - a wand of paralysis (9)
 s - a wand of polymorph (11)
 u - a wand of quicksilver (4)
 v - a wand of flame (30)
 w - a wand of mindburst (15)
 y - a wand of digging (8)
Scrolls
 e - a scroll of fog
 f - a scroll of immolation
 i - 4 scrolls of fear
 j - 4 scrolls of teleportation
 n - a scroll of poison
 q - 2 scrolls of vulnerability
Potions
 d - 2 potions of might
 g - 2 potions of heal wounds {unknown}
 h - 2 potions of enlightenment {unknown}
 k - a potion of magic {unknown}
 l - 2 potions of invisibility {unknown}
 m - a potion of brilliance {unknown}
 o - 2 potions of ambrosia {unknown}
 t - a potion of mutation {unknown}
 x - a potion of degeneration {unknown}
 z - 3 potions of curing
 B - a potion of berserk rage {unknown}


   Skills:
 + Level 4.5 Fighting
 - Level 1.1(1.3) Short Blades
 + Level 6.1(6.5) Axes
 + Level 4.4 Armour
 + Level 2.7 Dodging
 + Level 0.2 Stealth
 + Level 4.3 Shields


You had 7 spell levels left.
You didn't know any spells.
Your spell library contained the following spells:

 Spells                   Type           Power      Damage    Failure   Level
 Summon Small Mammal      Summ           0%         N/A       52%         1
 Blink                    Tloc           0%         N/A       65%         2
 Lesser Beckoning         Tloc           0%         N/A       65%         2
 Momentum Strike          Conj/Tloc      0%         3d8       65%         2
 Call Canine Familiar     Summ           0%         N/A       87%         3
 Summon Guardian Golem    Hex/Summ       0%         N/A       87%         3


Dungeon Overview and Level Annotations

Branches:
Dungeon (6/15)             Temple (0/1) D:5

Altars:
Ashenzari
Makhleb
Trog

Shops:
D:2 (

Annotations:
D:6 Jeremiah


Innate Abilities, Weirdness & Mutations

You have a pair of small antennae on your head.
You are mostly covered in thin metallic scales. (AC +3)
A meltable icy envelope protects you from harm. (AC +4)
A meltable shield of frost defends you. (SH +4)


Message History

Jeremiah throws their arms up pleadingly.
Something smites you!
Jeremiah is nearby!
Jeremiah throws their arms up pleadingly.
Something smites you!
Jeremiah lets out a twisted cry.
Something smites you!
You closely miss the butterfly. You closely miss the butterfly.
You hit the butterfly but do no damage.
The butterfly disappears in a burst of colours!
You miss the butterfly. You slash the butterfly!
You kill the butterfly!
The butterfly disappears in a burst of colours!
Jeremiah hops!
You miss the butterfly. You completely miss the butterfly.
You hit the butterfly.
You kill the butterfly!
The butterfly disappears in a burst of colours!
Jeremiah throws their arms up pleadingly.
Something smites you!
You closely miss the butterfly. You miss the butterfly.
The butterfly disappears in a burst of colours!
Jeremiah hits you from afar with a +3 glaive of draining.
You feel drained.
You miss the butterfly. You closely miss the butterfly.
The butterfly disappears in a burst of colours!
Jeremiah hits you from afar with a +3 glaive of draining!
* * * LOW HITPOINT WARNING * * *
You feel drained.
You hit the butterfly.
You kill the butterfly!
The butterfly disappears in a burst of colours! x3
Jeremiah hits you from afar with a +3 glaive of draining!
* * * LOW HITPOINT WARNING * * *
You feel drained.
* * * LOW HITPOINT WARNING * * *
Jeremiah hits you from afar with a +3 glaive of draining!
You die...

#.#.## #...####..#
##....# ##### ##.#
#.....# #.# #.###.#
#.# #. #.# #.#
##.###.####### ##.####
#..bbb.......# #......
#....bb#####.####
#..####
#.####bb@bb...........
# #F#####.########.#
#{# .# #.# .# #.. .#
### .#


You could see Jeremiah.

Vanquished Creatures
  An ice beast (D:5)
  2 black bears
  2 centaurs (D:6)
  A kobold brigand (D:6)
  3 scorpions (D:4)
  4 hounds
  3 iguanas
  Ijyb (D:3)
  Natasha (thrice) (D:2)
  Terence (D:2)
  An orc wizard (D:5)
  A gnoll (D:3)
  8 adders
  3 worms
  2 dart slugs (D:2)
  5 orcs
  2 bats
  12 endoplasms
  4 giant cockroaches
  3 hobgoblins
  7 jackals
  15 kobolds
  A quokka (D:2)
  5 ball pythons
  5 frilled lizards
  11 goblins
  6 rats
112 creatures vanquished.

Notes
Turn   | Place    | Note
-------+----------+-------------------------------------------
     0 | D:1      | Maratek the Demonspawn Fighter began the quest for the Orb.
     0 | D:1      | Reached XP level 1. HP: 18/18 MP: 1/1
   217 | D:1      | Gained mutation: You are partially covered in thin metallic
                  | scales. (AC +2) [demonic ancestry]
   217 | D:1      | Reached XP level 2. HP: 22/24 MP: 2/2
   238 | D:1      | Reached skill level 2 in Axes
   632 | D:1      | Gained mutation: You have a pair of small antennae on your
                  | head. [demonic ancestry]
   632 | D:1      | Reached XP level 3. HP: 29/29 MP: 3/3
   925 | D:2      | Found Nyfafatt's Weapon Shop.
   979 | D:2      | Noticed Terence
   987 | D:2      | Killed Terence
   988 | D:2      | Reached skill level 1 in Dodging
   988 | D:2      | Gained mutation: A meltable shield of frost defends you.
                  | (SH +4) [demonic ancestry]
   988 | D:2      | Reached XP level 4. HP: 25/35 MP: 4/4
  1124 | D:2      | Noticed Natasha
  1141 | D:2      | Killed Natasha
  1142 | D:2      | Reached skill level 3 in Axes
  1284 | D:2      | Found a broken altar of Ashenzari.
  1369 | D:2      | Became a worshipper of Ashenzari the Shackled
  1474 | D:2      | Noticed Natasha
  1483 | D:2      | Killed Natasha
  1484 | D:2      | Gained mutation: A meltable icy envelope protects you from
                  | harm. (AC +4) [demonic ancestry]
  1484 | D:2      | Reached XP level 5. HP: 41/41 MP: 5/5
  1646 | D:2      | Noticed Natasha
  1664 | D:2      | Killed Natasha
  1709 | D:3      | Found a faded altar of an unknown god.
  1820 | D:3      | Noticed Ijyb
  1834 | D:3      | HP: 2/41 [Ijyb/bolt of dispelling energy (15)]
  1840 | D:3      | Killed Ijyb
  2256 | D:3      | Reached XP level 6. HP: 44/48 MP: 6/6
  2316 | D:4      | Reached skill level 4 in Axes
  2545 | D:4      | Identified the +4 dagger "Leviticus" {freeze, rPois}
  2984 | D:5      | Entered Level 5 of the Dungeon
  3000 | D:5      | Reached XP level 7. HP: 38/53 MP: 7/7
  3074 | D:5      | Reached skill level 5 in Axes
  3122 | D:5      | Reached skill level 1 in Short Blades
  3302 | D:5      | Found a staircase to the Ecumenical Temple.
  3348 | D:5      | Noticed a moth of wrath
  3351 | D:5      | Found a bloodstained altar of Trog.
  3436 | D:5      | Found a burning altar of Makhleb.
  3575 | D:6      | Identified the +2 leather armour "Nuce" {+Inv}
  3615 | D:6      | Gained mutation: You are mostly covered in thin metallic
                  | scales. (AC +3) [demonic ancestry]
  3615 | D:6      | Reached XP level 8. HP: 61/61 MP: 8/8
  3853 | D:6      | Reached skill level 6 in Axes
  4249 | D:6      | Noticed Jeremiah
  4263 | D:6      | Mangled by Jeremiah

Illustrated notes

Levels and vault maps discovered:
D:1:      scummos_arrival_checkerplants, layout_loops_ring,
          minmay_misc_feat_diagonals, minmay_tetromino_t2
D:2:      layout_loops_ring, serial_shops, nicolae_shop_window_shopping,
          basic_altar, uniq_natasha, uniq_terence
D:3:      layout_rooms, dreamdust_ecumenical_altar_statues,
          cheibrodos_gnoll_hut, uniq_ijyb
D:4:      layout_loops_ring, kennysheep_generic_room_14
D:5:      lemuel_ice_spiral_2, layout_basic, tgw_trog, old_standard_altar,
          minmay_temple_entry_grid
D:6:      layout_loops_ring, uniq_jeremiah, uniq_maggie

Skill      XL: |  1  2  3  4  5  6  7  8 |
---------------+-------------------------+-----
Axes           | 2 3 4 5 6 |  6.1
Armour         | 3 4 |  4.4
Shields        | 3 4 |  4.3
Dodging        | 1 2 |  2.7
Fighting       | 4 |  4.5
Short Blades   | 1 |  1.1
Stealth        | |  0.2

Action                     |  1- 3 |  4- 6 |  7- 9 || total
---------------------------+-------+-------+-------++-------
  Melee: War axe           |   101 |   145 |   151 ||   397
         Dagger            |       |    33 |    11 ||    44
 Invoke: Curse Item        |       |     1 |       ||     1
    Use: Scroll            |       |     4 |     5 ||     9
         Potion            |       |     4 |       ||     4
 Armour: Scale mail        |    46 |    86 |    57 ||   189
         Skin              |       |    11 |     1 ||    12
         Leather armour    |       |       |    25 ||    25
  Dodge: Dodged            |    52 |    90 |    61 ||   203
  Block: Buckler           |    33 |    85 |    71 ||   189

Table legend: (Time is in decaauts)
 A = Elapsed time spent in this place.
 B = Non-inter-level travel time spent in this place.
 C = Inter-level travel time spent in this place.
 D = Time resting spent in this place.
 E = Time spent auto-exploring this place.
 F = Levels seen in this place.
 G = Mean time per level.
                   A        B        C        D        E       F      G
               +--------+--------+--------+--------+--------+-----+--------+
         Total |   4413 |   4360 |     53 |    427 |   2626 |   6 |  735.5 |
       Dungeon |   4413 |   4360 |     53 |    427 |   2626 |   6 |  735.5 |
               +--------+--------+--------+--------+--------+-----+--------+

Top non-repeatable levels by time:
     D:2: 939 daAuts
     D:1: 857 daAuts
     D:6: 756 daAuts
     D:4: 692 daAuts
     D:3: 609 daAuts
     D:5: 558 daAuts
